 Dungeon Crawl Stone Soup version 0.16-a0-4083-g5af668b (console) character file.

156 mauris the Skirmisher (level 5, -2/42 HPs)
             Began as a Demonspawn Chaos Knight on Feb 22, 2015.
             Killed from afar by an orc wizard (8 damage)
             ... with a puff of flame
             ... on level 3 of the Dungeon.
             The game lasted 00:03:14 (1738 turns).

mauris the Skirmisher (Demonspawn Chaos Knight)     Turns: 1738, Time: 00:03:14

Health: -2/42      AC:  6    Str: 13    XL:     5   Next: 15%
Magic:  5/5        EV: 11    Int: 14    God:    Xom [...*..]
Gold:   127        SH:  0    Dex: 12    Spells: 0 memorised, 4 levels left

rFire  . . .     SeeInvis .     a - +0 mace (chaos)
rCold  . . .     Clarity  .     b - +2 leather armour
rNeg   . . .     SustAb   .     (no shield)
rPois  .         Gourm    .     (helmet restricted)
rElec  .         Spirit   .     e - +0 cloak
rCorr  .         Warding  .     (no gloves)
rMut   .         Stasis   .     (no boots)
MR     .....                    (no amulet)
Stlth  +.........               (no ring)
                                (no ring)

@: not resistant to hostile enchantments, very unstealthy
A: antennae 1, demonic guardian 1
a: Renounce Religion


You were on level 3 of the Dungeon.
You worshipped Xom.
You were a favourite toy of Xom.
You were hungry.

You visited 1 branch of the dungeon, and saw 3 of its levels.

You collected 127 gold pieces.

Inventory:

Hand weapons
 a - a +0 mace of chaos (weapon)
Armour
 b - a +2 leather armour (worn)
 e - a +0 cloak (worn)
 f - a +0 helmet
 m - a +0 pair of boots
Scrolls
 j - a scroll of amnesia {unknown}
 k - a scroll of enchant armour {unknown}
 l - 2 scrolls of identify {unknown}
 n - a scroll of teleportation {unknown}
 r - a scroll of recharging {unknown}
Potions
 g - a potion of restore abilities {unknown}
 p - a potion of magic {unknown}
 q - a potion of beneficial mutation {unknown}
Comestibles
 c - 2 bread rations
 d - 4 fruits
 i - 3 meat rations
 o - 4 chunks of flesh


   Skills:
 + Level 4.0 Fighting
 + Level 3.6 Maces & Flails
 + Level 3.0 Armour
 - Level 1.6 Dodging


You had 4 spell levels left.
You didn't know any spells.

Dungeon Overview and Level Annotations

Branches:
Dungeon (3/15)

Altars:


Innate Abilities, Weirdness & Mutations

You have a pair of small antennae on your head.
A weak demonic guardian rushes to your aid.


Message History

Found a stone staircase leading down.
You see here an adder corpse.
You hear some strange, mumbled words.
The puff of flame hits you!
* * * LOW HITPOINT WARNING * * *
Huge Dmg: -9%(-4hp) hp: 8%(3hp) Drink which item? (? for menu, Esc to quit)
You feel better.
You barely miss something. Something hits you.
Huge Dmg: -7%(-3hp) hp: 27%(11hp)
You miss something. Something hits you.
* * * LOW HITPOINT WARNING * * *
The orc hits you but does no damage.
Huge Dmg: -12%(-5hp) hp: 15%(6hp) Unknown command.
You barely miss something.
You hear some strange, mumbled words.
The puff of flame hits you!
You die... "What!?
That's it?"

#########. ### ..........
..# .......... #.#
#.######### #.# #.# # #.##
#.# #.# # . $.. ##.# #.# #
..##.######..# #.# #
##.......o1{.(# #.# #
........K###).###.# #
.#.......###(.....# #
.........5.o......#########
........##K..#.....(......
...............###########
........##...###
..####.###.## . ..>...#


You could see an orc and a kobold.

Vanquished Creatures
  4 adders (D:3)
  2 giant mites
  2 worms (D:3)
  2 giant geckos
  An ooze (D:1)
  2 orcs (D:3)
  A ball python (D:1)
  5 giant cockroaches
  4 goblins
  4 hobgoblins
  4 bats
  A giant newt (D:1)
  5 kobolds
  A quokka (D:2)
  8 rats
46 creatures vanquished.

Vanquished Creatures (collateral kills)
  An orc priest (D:3)
  An iguana (shapeshifter) (D:2)
2 creatures vanquished.

Vanquished Creatures (others)
  A white imp (D:3)
  An ufetubus (D:2)
  A giant cockroach (D:2)
3 creatures vanquished.

Grand Total: 51 creatures vanquished

Notes
Turn   | Place    | Note
--------------------------------------------------------------
     0 | D:1      | mauris, the Demonspawn Chaos Knight, began the quest for the Orb.
     0 | D:1      | Reached XP level 1. HP: 18/18 MP: 1/1
    35 | D:1      | Huge Dmg: 4 Dmg
    36 | D:1      | Reached skill level 1 in Dodging
    36 | D:1      | Gained mutation: A weak demonic guardian rushes to your aid. [demonic ancestry]
    36 | D:1      | Reached XP level 2. HP: 16/24 MP: 2/2
    78 | D:1      | XOM: harmless Fire miscast
   287 | D:1      | XOM: potion effect (berserk rage)
   308 | D:1      | Huge Dmg: 12 Dmg
   591 | D:1      | XOM: medium Pois miscast
   620 | D:1      | XOM: colour smoke trail
   660 | D:2      | XOM: 5-stop teleportation journey
   679 | D:2      | XOM: destruction
   773 | D:2      | Noticed a centaur
   773 | D:2      | a worm changed into a centaur
   774 | D:2      | Huge Dmg: 8 Dmg
   774 | D:2      | a centaur changed into an iguana
   776 | D:2      | Gained mutation: You have a pair of small antennae on your head. [demonic ancestry]
   776 | D:2      | Reached XP level 3. HP: 19/29 MP: 3/3
   974 | D:2      | XOM: mild Erth miscast
   980 | D:2      | Huge Dmg: 6 Dmg
  1141 | D:2      | Reached XP level 4. HP: 30/35 MP: 4/4
  1182 | D:2      | XOM: noise
  1267 | D:2      | Huge Dmg: 8 Dmg
  1293 | D:3      | Huge Dmg: 7 Dmg
  1304 | D:3      | Huge Dmg: 6 Dmg
  1367 | D:3      | XOM: harmless Ice miscast
  1718 | D:3      | Reached skill level 4 in Fighting
  1723 | D:3      | Huge Dmg: 21 Dmg
  1724 | D:3      | Huge Dmg: 3 Dmg
  1726 | D:3      | Reached XP level 5. HP: 11/42 MP: 5/5
  1727 | D:3      | Huge Dmg: 5 Dmg
  1730 | D:3      | Huge Dmg: 5 Dmg
  1735 | D:3      | Huge Dmg: 4 Dmg
  1737 | D:3      | Huge Dmg: 3 Dmg
  1738 | D:3      | Huge Dmg: 5 Dmg
  1738 | D:3      | Killed from afar by an orc wizard

Action                   |  1- 3 |  4- 6 || total
-------------------------+-------+-------++-------
Melee: Mace              |    76 |    73 ||   149
  Use: Potion            |       |     2 ||     2
 Stab: Petrifying        |       |     1 ||     1
  Eat: Chunk             |     1 |     2 ||     3

Vault maps used:
D:1:      sevenhm_arrival_forest_fort_small_4
D:2:      minivault_25
D:3:      bloody_trog
